 Dungeon Crawl Stone Soup version 0.25.0-46-gbd7b0854d2 (webtiles) character file.

Game seed: 13081492606953669267

1120 Ethylacetat the Archer (level 8, -17/76 HPs)
             Began as a Naga Hunter on July 12, 2020.
             Demolished by Menkaure (18 damage)
             ... on level 5 of the Dungeon.
             The game lasted 00:13:50 (6378 turns).

Ethylacetat the Archer (Naga Hunter)                Turns: 6378, Time: 00:13:51

Health: -17/76     AC:  5    Str: 17    XL:     8   Next: 34%
Magic:  8/8        EV:  9    Int: 11    God:
Gold:   218        SH:  0    Dex: 12    Spells: 7/7 levels left

rFire    . . .     SeeInvis +   a - +1 shortbow
rCold    + . .     Gourm    .   (shield currently unavailable)
rNeg     . . .     Faith    .   c - +1 leather armour
rPois    +         Spirit   .   (no helmet)
rElec    .         Reflect  .   (no cloak)
rCorr    .         Harm     .   (no gloves)
MR       +....                  (no barding)
Stlth    +.........             m - amulet of the acrobat
HPRegen  0.22/turn              b - ring of protection from cold
MPRegen  0.11/turn              (no ring)

@: flying, very slow
A: large, see invisible, deformed body, poison resistance, slowness 2, slow
metabolism 1, spit poison 1, AC +2
a: Spit Poison


You were on level 5 of the Dungeon.
You were hungry.

You visited 1 branch of the dungeon, and saw 5 of its levels.

You collected 218 gold pieces.

Inventory:

Hand Weapons
 a - a +1 shortbow (weapon)
 j - a +0 short sword of venom
Missiles
 d - 77 arrows (quivered)
Armour
 c - a +1 leather armour (worn)
Jewellery
 b - a ring of protection from cold (left hand)
 m - an amulet of the acrobat (around neck)
 v - a +4 ring of slaying {unknown}
Wands
 p - a wand of enslavement (7)
 r - a wand of flame (7)
Scrolls
 e - a scroll of identify {unknown}
 h - a scroll of fog {unknown}
 i - 2 scrolls of enchant armour
 k - a scroll of amnesia
 n - a scroll of random uselessness {unknown}
 o - 3 scrolls of teleportation {unknown}
 q - 2 scrolls of remove curse
Potions
 g - 4 potions of curing
Comestibles
 f - 2 rations


   Skills:
 + Level 5.8 Fighting
 * Level 8.1 Bows
 - Level 1.5 Dodging
 - Level 1.5 Stealth


You had 7 spell levels left.
You didn't know any spells.
Your spell library was empty.

Dungeon Overview and Level Annotations

Branches:
Dungeon (5/15)
 Temple: D:4-7

Altars:
Ashenzari
Zin

Annotations:
D:5 Menkaure


Innate Abilities, Weirdness & Mutations

You cannot wear boots.
Your serpentine skin is tough. (AC +2)
You have supernaturally acute eyesight. (SInv)
Armour fits poorly on your strangely shaped body.
Your system is resistant to poisons. (rPois)
You cover ground very slowly.
You have a slow metabolism.
You can spit poison.


Message History

Firing (i - inventory)
d - 80 arrows (quivered)
Press: ? - help, Shift-Dir - straight line, f/p - Menkaure
Aim: Menkaure (severely damaged, fast)
You shoot an arrow. The arrow hits Menkaure.
Menkaure is almost destroyed.
Menkaure closely misses you.
Firing (i - inventory)
d - 79 arrows (quivered)
Press: ? - help, Shift-Dir - straight line, f/p - Menkaure
Aim: Menkaure (almost destroyed, fast)
You shoot an arrow. The arrow barely misses Menkaure.
Menkaure gestures at you while chanting.
Pain shoots through your body!
* * * LOW HITPOINT WARNING * * *
Firing (i - inventory)
d - 78 arrows (quivered)
Press: ? - help, Shift-Dir - straight line, f/p - Menkaure
Aim: Menkaure (almost destroyed, fast)
You shoot an arrow. The arrow hits Menkaure.
Menkaure is almost destroyed.
Menkaure hits you!!
You die...

..........#
..........###########
...........#.......$###
...........+..........
.........#.#........#
.........#.#........#
........##.#........#
......<....#......!.####
####.#>.........@M.....(
###+#.#####........###.
#.....# #............
#.....# ########.....
#.....# ..... #.....#
.... #.....# ... #.....#
... #.....#


You could see Menkaure (fast).

Vanquished Creatures
  Pikel (D:4)
  Sigmund (D:2)
  A phantom (D:4)
  2 orc wizards
  3 orc priests
  A hound (D:4)
  Natasha (thrice) (D:2)
  A gnoll (D:1)
  6 adders
  A howler monkey skeleton (D:3)
  5 worms
  4 dart slugs
  2 leopard geckos
  9 orcs
  A giant cockroach (D:3)
  3 goblins
  10 hobgoblins
  3 jackals
  3 quokkas
  2 ball pythons (D:1)
  12 bats
  A frilled lizard (D:2)
  10 kobolds
  6 rats
91 creatures vanquished.

Vanquished Creatures (others)
  A slave (D:4)
  An orc wizard (D:4)
  An iguana (D:4)
  A worker ant (D:4)
  2 orcs (D:4)
  A quokka skeleton (D:4)
7 creatures vanquished.

Grand Total: 98 creatures vanquished

Notes
Turn   | Place    | Note
-------+----------+-------------------------------------------
     0 | D:1      | Ethylacetat the Naga Hunter began the quest for the Orb.
     0 | D:1      | Reached XP level 1. HP: 19/19 MP: 1/1
   122 | D:1      | Reached XP level 2. HP: 22/26 MP: 2/2
   176 | D:1      | Reached skill level 4 in Bows
   466 | D:1      | Reached XP level 3. HP: 33/33 MP: 3/3
  1313 | D:2      | Noticed Sigmund
  1659 | D:2      | Killed Sigmund
  1659 | D:2      | Reached skill level 5 in Bows
  1659 | D:2      | Reached XP level 4. HP: 31/44 MP: 4/4
  1659 | D:2      | Reached XP level 5. HP: 35/50 MP: 5/5
  2199 | D:2      | Reached XP level 6. HP: 57/57 MP: 6/6
  2419 | D:2      | Noticed Natasha
  2426 | D:2      | Killed Natasha
  2495 | D:2      | Noticed Natasha
  2503 | D:2      | Killed Natasha
  2604 | D:2      | Noticed Natasha
  2610 | D:2      | Killed Natasha
  2610 | D:2      | Reached skill level 6 in Bows
  3390 | D:3      | Reached XP level 7. HP: 61/66 MP: 7/7
  5137 | D:4      | Noticed Pikel
  5153 | D:4      | Killed Pikel
  5153 | D:4      | Reached skill level 5 in Fighting
  5153 | D:4      | Reached skill level 7 in Bows
  5153 | D:4      | Reached XP level 8. HP: 11/75 MP: 8/8
  5632 | D:4      | Found a shattered altar of Ashenzari.
  5712 | D:4      | Found a glowing silver altar of Zin.
  5843 | D:4      | Reached skill level 8 in Bows
  6337 | D:5      | Entered Level 5 of the Dungeon
  6356 | D:5      | Noticed Menkaure
  6377 | D:5      | HP: 1/76 [Menkaure/nerve-wracking pain (4)]
  6378 | D:5      | Demolished by Menkaure

Illustrated notes

Levels and vault maps discovered:
D:1:      minmay_arrival_nine_rooms, layout_basic, minmay_crystal_water
D:2:      layout_loops_ring, kennysheep_generic_room_9, uniq_natasha,
          uniq_sigmund
D:3:      minmay_door_path, layout_loops_ring, first_ration
D:4:      layout_basic, zin_scriptorium, ashenzari_conservatory_becter,
          columned_hall_lemuel, hangedman_decor_slide_cut, uniq_pikel
D:5:      layout_basic, gammafunk_temple_overflow_wave, dancing_weapons_uskayaw,
          portal_sewer_entry_e, kennysheep_cluttered_room, uniq_menkaure

Skill      XL: |  1  2  3  4  5  6  7  8 |
---------------+-------------------------+-----
Bows           | 4 5 6 7 8 |  8.1
Fighting       | 3 4 5 |  5.8
Dodging        | |  1.5
Stealth        | |  1.5

Action                   |  1- 3 |  4- 6 |  7- 9 || total
-------------------------+-------+-------+-------++-------
Melee: Short sword       |    48 |   111 |   146 ||   305
 Fire: Shortbow          |       |       |     8 ||     8
 Abil: Spit Poison       |    17 |     6 |    10 ||    33
  Use: Potion            |     2 |       |     6 ||     8
       Scroll            |       |       |     3 ||     3
 Stab: Sleeping          |       |     1 |     1 ||     2
  Eat: Chunk             |     1 |     6 |     4 ||    11
       Ration            |       |       |     1 ||     1
Armor: Leather armour    |    19 |    26 |    36 ||    81
       Skin              |     1 |       |       ||     1
Dodge: Dodged            |    46 |    68 |    86 ||   200
